 Dungeon Crawl Stone Soup version 0.30.0-29-ga12c61a403 (webtiles) character file.

Game seed: 17612398648384244405

65 LustLizard the Gusty (level 4, -1/28 HPs)
             Began as an Octopode Air Elementalist on June 24, 2023.
             Was an Initiate of Wu Jian.
             Slain by an orc wizard
             ... wielding a +0 dagger
              (3 damage)
             ... on level 3 of the Dungeon.
             The game lasted 00:03:10 (2065 turns).

LustLizard the Gusty (Octopode Air Elementalist)    Turns: 2065, Time: 00:03:10

Health: -1/28      AC:  1    Str:  9    XL:     4   Next: 14%
Magic:  0/7        EV: 13    Int: 17    God:    Wu Jian [......]
Gold:   94         SH:  0    Dex: 12    Spells: 6/7 levels left

rFire   . . .        (no weapon)
rCold   . . .        (no shield)
rNeg    . . .        (helmet restricted)
rPois   .            (no amulet)
rElec   .            e - ring of wizardry
rCorr   .            (no ring)
SInv    .            (no ring)
Will    .....        (no ring)
Stlth   +++          (no ring)
HPRegen 0.24/turn    (no ring)
MPRegen 0.10/turn    (no ring)
                     (no ring)

%: wizardry (x1)
@: very slightly contaminated
A: almost no armour, amphibious, 8 rings, camouflage 1, gelatinous body 1,
(nimble swimmer 1), tentacles
a: Renounce Religion


You were on level 3 of the Dungeon.
You worshipped Wu Jian.
Wu Jian was noncommittal.
You visited 1 branch of the dungeon, and saw 3 of its levels.

You collected 94 gold pieces.

Inventory:

Jewellery
 e - a ring of wizardry (left tentacle)
Scrolls
 c - a scroll of teleportation {unknown}
 d - 2 scrolls of identify
 j - a scroll of torment {unknown}
 k - a scroll of poison {unknown}
Potions
 a - a potion of magic
 f - a potion of curing {unknown}
 g - a potion of degeneration {unknown}
 h - a potion of mutation {unknown}
 i - a potion of cancellation {unknown}
 l - a potion of ambrosia {unknown}


   Skills:
 + Level 1.3 Fighting
 - Level 2.0 Dodging
 + Level 3.4 Stealth
 + Level 2.4 Spellcasting
 + Level 1.6 Conjurations
 * Level 3.7 Air Magic


You had 6 spell levels left.
You knew the following spells:

 Your Spells              Type           Power      Damage    Failure   Level
a - Shock                 Conj/Air       44%        1d5       2%          1

Your spell library contained the following spells:

 Spells                   Type           Power      Damage    Failure   Level
 Static Discharge         Conj/Air       22%        2-3/arc   4%          2
 Swiftness                Air            14%        N/A       4%          3
 Airstrike                Air            7%         2d(1-17)  16%         4


Dungeon Overview and Level Annotations

Branches:
Dungeon (3/15)

Altars:
Wu Jian


Innate Abilities, Weirdness & Mutations

You cannot wear most types of armour.
You are amphibious.
You can wear up to eight rings at the same time.
Your skin changes colour to match your surroundings (Stealth+).
Your rubbery body absorbs attacks. (AC +1, EV +1)
((You are camouflaged when in or above water. (Stealth+)))
You have tentacles for arms and can constrict up to eight enemies at once.


Message History

You tentacle-slap the orc. x2
The orc is severely wounded.
You constrict the orc.
You kill the orc!
The Council accepts your kill. Something completely misses you.
You miss something. Something hits you.
You barely miss something. Something hits you.
Aiming: Shock (safe; 2% risk of failure)
Press: ? - help, Q - select action Shift-Dir - straight line
Aim: Disturbance (grey smoke)
You hear some strange, mumbled words.
Something tries to affect you, but you resist.
Aiming: Shock (safe; 2% risk of failure)
Press: ? - help, Q - select action Shift-Dir - straight line
Aim: Disturbance (grey smoke)
You miscast Shock.
You are very lightly contaminated with residual magic.
Nothing appears to happen.
Something hits you.
* * * LOW HITPOINT WARNING * * *
Okay, then.
Aiming: Shock (safe; 2% risk of failure)
Press: ? - help, Q - select action Shift-Dir - straight line
Aim: Disturbance (grey smoke)
The zap hits something.
Something hits you.
* * * LOW HITPOINT WARNING * * *
Aiming: Shock (safe; 2% risk of failure)
Press: ? - help, Q - select action Shift-Dir - straight line
Aim: Disturbance (grey smoke)
Something hits you.
* * * LOW HITPOINT WARNING * * *
Unknown command.
Aiming: Shock (safe; 2% risk of failure)
Press: ? - help, Q - select action Shift-Dir - straight line
Aim: Disturbance (grey smoke)
The zap hits something.
Something hits you.
You die...

##########.##
....o{...o..#
###.######..#
#..# ###.###
#8#.#8#
#..§..#
#{§§§.#
#@.§§.#
#######


There were no monsters in sight!

Vanquished Creatures
  2 worms (D:2)
  A dart slug (D:1)
  3 orcs (D:3)
  2 ball pythons (D:1)
  3 endoplasms
  A giant cockroach (D:1)
  4 goblins
  4 hobgoblins
  10 jackals
  A quokka (D:2)
  4 bats
  4 frilled lizards
  3 kobolds (D:1)
  9 rats
51 creatures vanquished.

Notes
Turn   | Place    | Note
-------+----------+-------------------------------------------
     0 | D:1      | LustLizard the Octopode Air Elementalist began the quest
                  | for the Orb.
     0 | D:1      | Reached XP level 1. HP: 11/11 MP: 3/3
   202 | D:1      | Reached XP level 2. HP: 18/18 MP: 3/5
   694 | D:1      | Reached XP level 3. HP: 22/22 MP: 3/6
   818 | D:1      | Reached skill level 1 in Fighting
  1651 | D:2      | Reached XP level 4. HP: 28/28 MP: 4/7
  1819 | D:2      | Found a faded altar of an unknown god.
  2012 | D:3      | Found an ornate altar of the Wu Jian Council.
  2027 | D:3      | Became a worshipper of the Wu Jian Council
  2065 | D:3      | Slain by an orc wizard

Illustrated notes

Levels and vault maps discovered:
D:1:      sevenhm_arrival_forest_fort_small_4, layout_rooms
D:2:      layout_rooms, shapermc_ecumenical_altar_petra,
          minmay_misc_feat_diagonals
D:3:      layout_loops_ring, mainiacjoe_overflow_alcove_2,
          uniq_crazy_yiuf_cottage

Skill      XL: |  1  2  3 |
---------------+----------+-----
Stealth        | 3 |  3.4
Fighting       | 1 |  1.3
Dodging        | |  2.0
Spellcasting   | |  2.4
Conjurations   | |  1.6
Air Magic      | |  3.7

Action                     |  1- 3 |  4- 6 || total
---------------------------+-------+-------++-------
  Melee: Unarmed           |    33 |     7 ||    40
         Tentacles         |     8 |       ||     8
         Constrict         |     5 |     1 ||     6
         Punch             |     1 |     1 ||     2
   Cast: Shock             |    91 |    14 ||   105
    Use: Scroll            |     1 |     1 ||     2
 Armour: Skin              |     6 |       ||     6
  Dodge: Dodged            |    47 |     4 ||    51
